 Dungeon Crawl Stone Soup version 0.18.1-48-g4cf74bf (webtiles) character file.

27 Heedrag the Grave Robber (level 2, 0/19 HPs)
             Began as a Demonspawn Necromancer on Aug 1, 2016.
             Succumbed to an adder's poison
             ... on level 1 of the Dungeon.
             The game lasted 00:02:24 (1137 turns).

Heedrag the Grave Robber (Demonspawn Necromancer)   Turns: 1137, Time: 00:02:25

Health: 0/19       AC:  4    Str:  8    XL:     2   Next: 93%
Magic:  0/5        EV: 12    Int: 16    God:
Gold:   31         SH:  0    Dex: 13    Spells: 1 memorised, 5 levels left

rFire  . . .     SeeInvis .     f - +0 club
rCold  . . .     Gourm    .     a - +0 robe
rNeg   . . .     Faith    .     (no shield)
rPois  .         Spirit   .     (no helmet)
rElec  .         Dismiss  .     (no cloak)
rCorr  .         Reflect  .     (no gloves)
SustAt .         Harm     .     (no boots)
MR     .....                    (no amulet)
Stlth  ++........               (no ring)
                                (no ring)

@: lethally poisoned (0 -> -3), not resistant to hostile enchantments,
unstealthy
A: slimy green scales 1
a: no special abilities


You were on level 1 of the Dungeon.
You were not hungry.

You visited 1 branch of the dungeon, and saw 2 of its levels.

You collected 31 gold pieces.

Inventory:

Hand Weapons
 d - a +0 antimagic spear
 f - a +0 club (weapon)
Armour
 a - a +0 robe (worn)
Scrolls
 e - a scroll of teleportation {unknown}
Books
 b - a book of Necromancy

   Spells                             Type                      Level
   a - Pain                           Necromancy                   1
   b - Animate Skeleton               Necromancy                   1
   c - Vampiric Draining              Necromancy                   3
   d - Regeneration                   Charms/Necromancy            3
   e - Animate Dead                   Necromancy                   4
   f - Control Undead                 Necromancy                   4
Comestibles
 c - a bread ration
 g - a chunk of flesh


   Skills:
 - Level 1.7 Dodging
 - Level 1.7 Stealth
 + Level 2.5 Spellcasting
 * Level 5.0 Necromancy


You had 5 spell levels left.
You knew the following spells:

 Your Spells              Type           Power        Failure   Level  Hunger
a - Pain                  Necr           ###.         2%          1    #......


Dungeon Overview and Level Annotations

Branches:
Dungeon (2/15)

Altars:


Innate Abilities, Weirdness & Mutations

You are partially covered in slimy green scales (AC +2).


Message History

Aimin': Pain
Press: ? - help, Shift-Dir - straight line, f/p - adder
Aim: an adder (severely wounded, chance ta defeat MR: 84%) Tha adder convulses in agony!
Ye feel sick.
Tha adder closely misses ye.
Tha giant newt bites ye but does nay damage.
Tha kobold hits ye wit' a whip.
Castin': Pain Confirm wit' . or Enter, or press ? or * ta list all spells.
Ye dinnae haf enough magic ta cast tha spell.
Unknown command.
Ye ar'n't carryin' any potions.
Tha adder bites ye.
* * * LOW HITPOINT WARNIN'
* * * Tha giant newt bites ye.
* * * LOW HITPOINT WARNIN'
* * * Tha kobold barely misses ye.
Tha adder bites ye but does nay damage.
Ye climb upwards.
Thar be a stone staircase leadin' down 'ere.
Unknown command.
Ye die...

#...#.#
################.#.#######
#................#........
##.#####.........)........
#.#.............#..######
#.##.##.#####...#...รท...#
#.##.##.#...#...#.#####.#
#.##.##l#.#.#...#.#####.#
#.##.##>@................
#.##.##KS............##.#
#.##.##.................#
#.##.##..................
#.##.##..............####
#.##.######+#............
#.##........#....########
#.######.........# ##
#........###.....# #.


You could see an adder, a kobold and a giant newt.

Vanquished Creatures
  A dart slug (D:1)
  3 giant geckos (D:1)
  2 bats (D:1)
  2 giant cockroaches (D:1)
  A goblin (D:1)
  A hobgoblin (D:1)
  A ball python (D:1)
  A giant newt (D:1)
  3 kobolds (D:1)
  7 rats (D:1)
22 creatures vanquished.

Notes
Turn   | Place    | Note
--------------------------------------------------------------
     0 | D:1      | Heedrag the Demonspawn Necromancer began the quest for the Orb.
     0 | D:1      | Reached XP level 1. HP: 13/13 MP: 3/3
   278 | D:1      | Gained mutation: You are partially covered in slimy green scales (AC +2). [demonic ancestry]
   278 | D:1      | Reached XP level 2. HP: 10/19 MP: 1/5
   834 | D:1      | Reached skill level 5 in Necromancy
  1137 | D:1      | Succumbed to an adder's poison

Skill      XL: |  1  2 |
---------------+-------+-----
Necromancy     | 5 |  5.0
Dodging        | |  1.7
Stealth        | |  1.7
Spellcasting   | |  2.5

Action                   || total
-------------------------++-------
 Cast: Pain              ||    40
  Eat: Chunk             ||     1
Armor: Robe              ||    11
Dodge: Dodged            ||    16
